 Dungeon Crawl Stone Soup version 0.22.1-1-ga44c0e56f4 (webtiles) character file.

98 Jynx the Changer (level 4, 0/28 HPs)
             Began as an Octopode Transmuter on Oct 25, 2018.
             Slain by an ooze (1 damage)
             ... on level 2 of the Dungeon.
             The game lasted 00:03:45 (1212 turns).

Jynx the Changer (Octopode Transmuter)              Turns: 1212, Time: 00:03:46

Health: 0/28       AC:  1    Str:  9    XL:     4   Next: 69%
Magic:  6/8        EV: 17    Int: 15    God:
Gold:   44         SH:  0    Dex: 13    Spells: 6/9 levels left

rFire    . . .     SeeInvis .     - Unarmed
rCold    . . .     Gourm    .   (no shield)
rNeg     . . .     Faith    .   (helmet restricted)
rPois    .         Spirit   .   (no amulet)
rElec    .         Reflect  .   b - +4 ring of evasion
rCorr    .         Harm     .   m - ring of attention (curse)
MR       .....                  (no ring)
Stlth    +.........             (no ring)
HPRegen  0.09/turn              (no ring)
MPRegen  0.11/turn              (no ring)
                                (no ring)
                                (no ring)

@: appendage (expiring)
A: almost no armour, stealthy swim, amphibious, 8 rings, constrict 8, tentacle
spike 3, camouflage 1, gelatinous body 1
a: End Transformation


You were on level 2 of the Dungeon.
You were not hungry.
One of your tentacles had a temporary spike.
You visited 1 branch of the dungeon, and saw 2 of its levels.

You collected 44 gold pieces.

Inventory:

Missiles
 a - 10 arrows
Jewellery
 b - a +4 ring of evasion (left tentacle)
 m - a cursed ring of attention (right tentacle)
Wands
 k - a wand of digging (14)
Scrolls
 h - a scroll of teleportation
Potions
 e - a potion of cancellation {unknown}
 f - a potion of might {unknown}
 g - a potion of heal wounds {unknown}
 l - a potion of agility {unknown}
Comestibles
 c - 3 rations
 d - 9 chunks of flesh


   Skills:
 - Level 1.0 Fighting
 - Level 2.0 Dodging
 - Level 3.0 Unarmed Combat
 + Level 3.0 Spellcasting
 * Level 4.0 Transmutations


You had 6 spell levels left.
You knew the following spells:

 Your Spells              Type           Power        Failure   Level  Hunger
a - Beastly Appendage     Tmut           ##....       3%          1    #......
b - Sticks to Snakes      Tmut           ##......     6%          2    ##.....

Your spell library contained the following spells:

 Spells                   Type           Power        Failure   Level  Hunger
 Spider Form              Tmut/Pois      #.........   26%         3    ###....
 Ice Form                 Ice/Tmut       #.......     65%         4    #####..
 Blade Hands              Tmut           ##........   71%         5    ######.


Dungeon Overview and Level Annotations

Branches:
Dungeon (2/15)

Altars:


Innate Abilities, Weirdness & Mutations

You cannot wear most types of armour.
You are very stealthy in the water. (Stealth+)
You are amphibious.
You can wear up to eight rings at the same time.
You can use your tentacles to constrict eight enemies at once.
Your skin changes colour to match your surroundings (Stealth+).
Your rubbery body absorbs attacks. (AC +1, EV +1)
One of your tentacles bears a large vicious spike.


Message History

* * * LOW HITPOINT WARNING * * *
The rat bites you.
* * * LOW HITPOINT WARNING * * *
You tentacle-slap the iguana but do no damage.
You squeeze the iguana.
The iguana is severely wounded.
You constrict the iguana. The iguana barely misses you.
The rat barely misses you.
You tentacle-slap the iguana.
You kill the iguana!
Your Spellcasting skill increases to level 3!
Your Transmutations skill increases to level 4!
Your transformation is almost over.
The rat misses you.
The ooze jiggles.
You closely miss the rat. Your grab misses the rat.
Your tentacle spike misses the rat.
You squeeze the rat.
You kill the rat!
The ooze hits you.
You die...

*,,,,,,,,*
*,,,,,,,*,*,
*****,*,**
***,,,,,,,*, *,*,*
*,,,,,,,,,, #,*,*
*,,,,,,,*,, #.,,*
*,,,,,,,*,* ###.,*
**,,,,.**,*
#....#### *,,..#**,*
#.....J.#######..#**
*,*
*,,,,*#@†....[...#
***,*
*,,,,*#######....#
*,,,, *,,,,*
*....#**,,,, *,,,,*
*###....,,,, ******
**###,,,, *,,,,
*****


You could see an ooze.

Vanquished Creatures
  Jessica (D:2)
  An iguana (D:2)
  An adder (D:2)
  2 worms
  A leopard gecko (D:1)
  A giant cockroach (D:2)
  3 goblins
  2 hobgoblins (D:1)
  6 jackals
  A kobold (D:2)
  4 bats (D:1)
  2 frilled lizards
  6 rats
31 creatures vanquished.

Vanquished Creatures (collateral kills)
  A jackal (D:2)
1 creature vanquished.

Grand Total: 32 creatures vanquished

Notes
Turn   | Place    | Note
-------+----------+-------------------------------------------
     0 | D:1      | Jynx the Octopode Transmuter began the quest for the Orb.
     0 | D:1      | Reached XP level 1. HP: 13/13 MP: 3/3
   135 | D:1      | Reached XP level 2. HP: 18/18 MP: 3/5
   849 | D:1      | Learned a level 2 spell: Sticks to Snakes
   908 | D:1      | Reached skill level 3 in Transmutations
   939 | D:2      | Noticed Jessica
   946 | D:2      | Killed Jessica
   946 | D:2      | Reached XP level 3. HP: 23/23 MP: 4/6
  1017 | D:2      | Reached XP level 4. HP: 10/28 MP: 4/8
  1209 | D:2      | HP: 1/28 [rat (2)]
  1211 | D:2      | Reached skill level 4 in Transmutations
  1212 | D:2      | Slain by an ooze

Skill      XL: |  1  2  3  4 |
---------------+-------------+-----
Transmutations | 3 4 |  4.0
Spellcasting   | 3 |  3.0
Fighting       | |  1.0
Dodging        | |  2.0
Unarmed Combat | |  3.0

Action                   |  1- 3 |  4- 6 || total
-------------------------+-------+-------++-------
Melee: Unarmed           |    53 |    22 ||    75
       Constrict         |    16 |     6 ||    22
       Kick              |    10 |     7 ||    17
       Tentacles         |     8 |     6 ||    14
 Cast: Beastly Appendage |    12 |     3 ||    15
       Sticks to Snakes  |     1 |     1 ||     2
Evoke: Wand              |       |     1 ||     1
  Use: Scroll            |     3 |     1 ||     4
 Stab: Sleeping          |     5 |       ||     5
  Eat: Chunk             |       |     1 ||     1
Armor: Skin              |     4 |       ||     4
Dodge: Dodged            |    48 |    23 ||    71
